 Dungeon Crawl Stone Soup version 0.27-a0-287-gd4424db430 (webtiles) character file.

Game seed: 124670875230406056

11113 dickylongcocking the Tainter (level 11, 0/72 HPs)
             Began as an Octopode Venom Mage on Feb 8, 2021.
             Was an Initiate of Gozag.
             Hit by a stone thrown by an orc warrior (18 damage)
             ... on level 10 of the Dungeon.
             The game lasted 00:19:55 (15402 turns).

dickylongcocking the Tainter (Octopode Venom Mage) Turns: 15402, Time: 00:19:57

Health: 0/72       AC:  5    Str:  8    XL:     11   Next: 72%
Magic:  9/24       EV: 14    Int: 21    God:    Gozag
Gold:   1134       SH:  0    Dex: 18    Spells: 13/28 levels left

rFire    + . .     SeeInvis .   i - +0 rapier (flame)
rCold    . . .     Faith    .   (no shield)
rNeg     + . .     Spirit   .   (helmet restricted)
rPois    .         Reflect  .   x - amulet of the Four Winds {rN+ Will+++ Clar}
rElec    .         Harm     .   c - +6 ring of dexterity
rCorr    +         Rampage  .   l - +4 ring of protection
Will     +++..     Clarity  +   G - ring of resist corrosion
Stlth    +++.......             (no ring)
HPRegen  0.22/turn              A - ring of protection from fire
MPRegen  0.19/turn              (no ring)
                                (no ring)
                                (no ring)

@: radiating poison, gold aura
A: almost no armour, stealthy swim, amphibious, 8 rings, constrict 8, camouflage
1, gelatinous body 1
a: Renounce Religion, Potion Petition, Call Merchant, Bribe Branch


You were on level 10 of the Dungeon.
You worshipped Gozag.
Gozag was most pleased with you.
You visited 1 branch of the dungeon, and saw 13 of its levels.

You collected 2270 gold pieces.
You spent 553 gold pieces at shops.
You paid 583 gold pieces to Gozag.

Inventory:

Hand Weapons
 g - a +0 club
 i - a +0 rapier of flaming (weapon)
Jewellery
 c - a +6 ring of dexterity (left tentacle)
 l - a +4 ring of protection (right tentacle)
 t - an uncursed ring of fire
 u - an uncursed amulet of regeneration
 x - the amulet of the Four Winds (around mantle) {rN+ Will+++ Clar}
   (You bought it in a shop on level 4 of the Dungeon)

   [amulet of nothing]

   It protects you from negative energy.
   It affects your willpower, your defense against some magical effects.
   It protects you against confusion.
 z - an uncursed ring of fire
 A - a ring of protection from fire (on tentacle)
 C - an uncursed amulet of the acrobat {unknown}
 G - a ring of resist corrosion (on tentacle)
Wands
 a - a wand of iceblast (1)
 r - a wand of flame (34)
 v - a wand of digging (3)
 y - a wand of random effects (17)
 B - a wand of acid (2)
 F - a wand of polymorph (9)
Scrolls
 h - 2 scrolls of teleportation
 j - a scroll of blinking
 k - 3 scrolls of remove curse
 n - a scroll of amnesia
 o - a scroll of enchant armour
 q - 5 scrolls of enchant weapon
 s - a scroll of identify
 E - a scroll of magic mapping
Potions
 b - 2 potions of flight
 d - a potion of magic
 e - a potion of might
 f - 3 potions of brilliance
 m - 2 potions of lignification
 p - 2 potions of curing
 w - 2 potions of haste {unknown}
 D - a potion of berserk rage {unknown}


   Skills:
 * Level 5.8 Fighting
 - Level 2.2 Dodging
 - Level 2.7 Stealth
 * Level 9.2 Spellcasting
 * Level 9.5 Transmutations
 - Level 4.0 Fire Magic
 * Level 12.0 Poison Magic
 * Level 1.1 Evocations


You had 13 spell levels left.
You knew the following spells:

 Your Spells              Type           Power        Failure   Level
a - Sting                 Tmut/Pois      100%         1%          1
b - Blink                 Tloc           N/A          11%         2
d - Olgreb's Toxic Radia  Pois           56%          1%          4
i - Ignite Poison         Fire/Tmut/Pois 45%          1%          3
p - Poisonous Vapours     Pois/Air       68%          1%          2
x - Mephitic Cloud        Conj/Pois/Air  26%          4%          3

Your spell library contained the following spells:

 Spells                   Type           Power        Failure   Level
 Beastly Appendage        Tmut           98%          1%          1
 Wereblood                Tmut           49%          1%          2
 Spider Form              Tmut/Pois      26%          1%          3
 Foxfire                  Conj/Fire      72%          3%          1
 Blade Hands              Tmut           24%          3%          5
 Animate Skeleton         Necr           18%          7%          1
 Magic Dart               Conj           36%          7%          1
 Pain                     Necr           36%          7%          1
 Conjure Flame            Conj/Fire      18%          10%         3
 Inner Flame              Hex/Fire       18%          10%         3
 Ice Form                 Ice/Tmut       29%          10%         4
 Call Imp                 Summ           9%           11%         2
 Slow                     Hex            9%           11%         2
 Vampiric Draining        Necr           4%           22%         3
 Animate Dead             Necr           4%           56%         4
 Bolt of Magma            Conj/Fire/Erth 7%           75%         5
 Agony                    Necr           9%           89%         5
 Ignition                 Fire           13%          100%        8


Dungeon Overview and Level Annotations

Branches:
Dungeon (13/15)            Temple (0/1) D:4            Lair (0/6) D:10
    Orc (0/2) D:12
 Vaults: D:13-14

Altars:
Cheibriados
Fedhas
Gozag
Makhleb
Qazlal
Trog
Uskayaw
Yredelemnul
Zin
The Shining One

Shops:
D:4 =   D:8 (   D:9 ?

Annotations:
D:3 2 transporters
D:11 2 runed translucent doors, exclusion: orange crystal statue


Innate Abilities, Weirdness & Mutations

You cannot wear most types of armour.
You are very stealthy in the water. (Stealth+)
You are amphibious.
You can wear up to eight rings at the same time.
You can use your tentacles to constrict eight enemies at once.
Your skin changes colour to match your surroundings (Stealth+).
Your rubbery body absorbs attacks. (AC +1, EV +1)


Message History

You kill the adder!
The ogre seems to burn from within.
The ogre is moderately wounded.
The howler monkey seems to burn from within!!
You kill the howler monkey!
The orc warrior shouts!
The orc warrior is poisoned.
The ogre is poisoned.
Your toxic aura wanes.
The ogre becomes distracted by the nearby gold, dreaming of imaginary riches.
Unknown command.
Casting: Ignite Poison (safe; 1% risk of failure)
Confirm with . or Enter, or press ? or * to list all spells.
You begin to radiate toxic energy.
The ogre is no longer distracted by gold.
The ogre shouts!
The ogre looks even sicker.
The orc warrior looks even sicker.
The ogre looks even sicker.
The orc warrior throws a stone.
The stone hits you!!
You die...
Your body crumbles into a pile of gold.

$###.#
#.........
#....# #.....$..
#....# #.......
#....# #.O....
#....# #.....
#....# #....
#....# #. #..#
#....#
##..o##.>##..##
#....#
.$.....@........
#....#
................
#....#
................
#....#
#######....$..##
#.)).# #########
#....# #....#
#....# #)...#


You could see an orc warrior (very poisoned) and an ogre (very poisoned).

Vanquished Creatures
  A hydra (D:11)
  A two-headed ogre (D:9)
  2 manticores
  Maurice (D:9)
  A gargoyle (D:9)
  A troll (D:9)
  9 yaks
  A vampire (D:9)
  A steam dragon (D:9)
  2 wargs (D:10)
  Edmund (D:6)
  A water moccasin (D:9)
  A hornet zombie (D:9)
  A sky beast (D:5)
  3 orc warriors
  5 ice beasts
  8 ogres
  2 black bears
  6 centaurs
  3 phantoms
  2 kobold brigands
  8 bullfrogs
  3 scorpions
  4 killer bees
  9 wights
  4 howler monkeys
  4 bullfrog zombies
  6 hounds
  Crazy Yiuf (D:2)
  4 bullfrog skeletons
  9 orc priests
  2 centaur skeletons
  4 jellies
  An iguana (D:9)
  Jessica (D:2)
  15 orc wizards
  Terence (D:2)
  Natasha (D:4)
  11 worker ants
  A bullfrog simulacrum (D:12)
  A hound zombie (D:9)
  A hound skeleton (D:7)
  A worker ant zombie (D:8)
  Robin (D:2)
  4 gnolls (D:6)
  12 adders
  2 white imps
  2 ufetubi
  An adder zombie (D:5)
  2 worms
  9 leopard geckos
  41 orcs
  11 giant cockroaches
  14 goblins
  10 hobgoblins
  3 jackals (D:4)
  15 kobolds
  6 quokkas
  12 bats
  3 frilled lizards
  A leopard gecko zombie (D:5)
  2 rats
296 creatures vanquished.

Notes
Turn   | Place    | Note
-------+----------+-------------------------------------------
     0 | D:1      | dickylongcocking the Octopode Venom Mage began the quest
                  | for the Orb.
     0 | D:1      | Reached XP level 1. HP: 11/11 MP: 3/3
   369 | D:1      | Reached XP level 2. HP: 14/17 MP: 5/5
   468 | D:1      | Reached skill level 4 in Poison Magic
   628 | D:1      | Learned a level 2 spell: Poisonous Vapours
   868 | D:1      | Reached XP level 3. HP: 21/21 MP: 1/6
  1674 | D:2      | Found a runed translucent door.
  1675 | D:2      | Noticed Crazy Yiuf
  2103 | D:2      | Noticed Robin
  2114 | D:2      | Learned a level 3 spell: Ignite Poison
  2170 | D:2      | Reached XP level 4. HP: 27/27 MP: 3/8
  2214 | D:2      | Killed Robin
  2314 | D:2      | Noticed Terence
  2320 | D:2      | Killed Terence
  2767 | D:2      | Noticed Jessica
  2770 | D:2      | Killed Jessica
  2771 | D:2      | Reached skill level 1 in Fire Magic
  2771 | D:2      | Reached skill level 5 in Poison Magic
  2771 | D:2      | Reached XP level 5. HP: 31/31 MP: 0/9
  3140 | D:2      | Killed Crazy Yiuf
  3314 | D:3      | Found a basalt altar of Yredelemnul.
  3618 | D:3      | Found a transporter.
  3638 | D:3      | Found a transporter.
  3828 | D:3      | Reached XP level 6. HP: 36/36 MP: 11/11
  3828 | D:3      | Found an opulent altar of Gozag.
  3835 | D:3      | Became a worshipper of Gozag Ym Sagoz the Greedy
  3857 | D:3      | Found a bloodstained altar of Trog.
  4420 | D:3      | Learned a level 4 spell: Olgreb's Toxic Radiance
  4861 | D:4      | Found Laug's Jewellery Shoppe.
  5083 | D:4      | Noticed Natasha
  5091 | D:4      | Killed Natasha
  5224 | D:4      | Found a staircase to the Ecumenical Temple.
  5496 | D:5      | Entered Level 5 of the Dungeon
  5597 | D:5      | Noticed a sky beast
  5602 | D:5      | Killed a sky beast
  5603 | D:5      | Reached skill level 6 in Poison Magic
  5603 | D:5      | Reached XP level 7. HP: 41/41 MP: 4/13
  5695 | D:4      | Learned a level 3 spell: Mephitic Cloud
  6033 | D:5      | Noticed a +0 hand axe
  6034 | D:5      | Noticed a +0 hand axe
  6036 | D:5      | Found a hide-covered altar of Uskayaw.
  6429 | D:5      | Found a blossoming altar of Fedhas.
  6467 | D:5      | Reached XP level 8. HP: 34/46 MP: 3/14
  7203 | D:6      | Reached skill level 7 in Poison Magic
  7206 | D:6      | Reached skill level 5 in Spellcasting
  7209 | D:6      | Learned a level 2 spell: Blink
  7407 | D:4      | Bought the amulet of the Four Winds {rN+ Will+++ Clar} for
                  | 439 gold pieces
  7407 | D:4      | Found the amulet of the Four Winds {rN+ Will+++ Clar}
  7622 | D:6      | Noticed Edmund
  7626 | D:6      | Killed Edmund
  7646 | D:6      | Reached skill level 5 in Transmutations
  7840 | D:6      | Reached skill level 8 in Poison Magic
  8609 | D:6      | Reached XP level 9. HP: 51/51 MP: 1/17
  9543 | D:7      | Found a stormy altar of Qazlal.
  9633 | D:7      | Found a snail-covered altar of Cheibriados.
 10096 | D:7      | Reached skill level 9 in Poison Magic
 11139 | D:8      | Found a glowing golden altar of the Shining One.
 11270 | D:8      | Found Muat's Weapon Boutique.
 11434 | D:8      | Reached XP level 10. HP: 56/56 MP: 6/20
 12029 | D:8      | Found a burning altar of Makhleb.
 12066 | D:8      | Reached skill level 10 in Poison Magic
 12385 | D:9      | Reached skill level 1 in Fighting
 12393 | D:9      | Noticed a gargoyle
 12431 | D:9      | Killed a gargoyle
 12769 | D:9      | Noticed Maurice
 12802 | D:9      | Killed Maurice
 13308 | D:9      | Reached skill level 11 in Poison Magic
 13324 | D:9      | Noticed a two-headed ogre
 13344 | D:9      | Noticed a manticore
 13347 | D:9      | Reached XP level 11. HP: 33/69 MP: 14/23
 13347 | D:9      | Killed a manticore
 13347 | D:9      | Killed a two-headed ogre
 13956 | D:9      | Identified Misyjuem's Grimoire of the Blaze
 14062 | D:9      | Found a glowing silver altar of Zin.
 14071 | D:9      | Bought a scroll of identify for 24 gold pieces
 14071 | D:9      | Bought a scroll of blinking for 90 gold pieces
 14134 | D:10     | Entered Level 10 of the Dungeon
 14300 | D:10     | Found a staircase to the Lair.
 14306 | D:10     | Reached skill level 5 in Fighting
 14509 | D:10     | You fall into a shaft and drop 3 floors!
 14511 | D:13     | Noticed a brown ugly thing
 14553 | D:12     | Noticed a manticore
 14565 | D:12     | Noticed a manticore
 14565 | D:12     | Noticed a cyclops
 14565 | D:12     | Noticed a centaur warrior
 14568 | D:12     | Noticed a two-headed ogre
 14917 | D:12     | Killed a manticore
 14987 | D:12     | Noticed a boulder beetle
 15195 | D:11     | Found a runed translucent door.
 15201 | D:11     | Found the +10 tower shield of Ignorance {rN+ Int-4}
 15226 | D:11     | Noticed a six-headed hydra
 15375 | D:11     | Found a runed translucent door.
 15375 | D:11     | Noticed an orange crystal statue
 15377 | D:11     | Killed a six-headed hydra
 15378 | D:11     | Reached skill level 12 in Poison Magic
 15378 | D:11     | Reached skill level 1 in Evocations
 15402 | D:10     | Hit by a stone thrown by an orc warrior

Illustrated notes

Levels and vault maps discovered:
D:1:      psy_arrival_whirlpool, layout_basic, st_stairs_9
D:2:      layout_basic, uniq_crazy_yiuf_cottage, uniq_jessica, uniq_terence,
          uniq_robin
D:3:      gammafunk_wand_slinger, layout_loops_ring, grunt_gozag_statues,
          lemuel_doored_altar, lemuel_crystal_altar
D:4:      layout_loops_ring, minmay_temple_entry_crystal_x, serial_shops, shop,
          uniq_natasha
D:5:      layout_cave_pools, general_overflow_altar, dancing_weapons_uskayaw,
          gup_sewer_entry_pipe
D:6:      wad_pebble_path, layout_loops_ring, uniq_edmund
D:7:      layout_basic, cheibrodos_worm_habitat, lemuel_round_altar
D:8:      layout_loops_ring, lightli_temple_of_fire, overflow_temple_1_default,
          serial_shops, shop, hangedman_minor_gate_pass
D:9:      cheibrodos_ideogram_h, layout_loops_ring, kennysheep_mini_moat,
          serial_park_tiny_pond, uniq_maurice
D:10:     layout_gridville, erik_lair_orcish_takeover, nicolae_ru_path_of_blood,
          uniq_joseph
D:11:     layout_gridville, chequers_guarded_unrand_ignorance
D:12:     layout_stronghold, zombieorc1_lemuel, serial_ice, serial_ice_i,
          serial_ice_n, serial_ice_h, serial_ice_d,
          fedhas_bush_and_centaur_altar
D:13:     layout_loops_ring, skrybe_vaults_entry_preservation,
          gauntlet_entry_generic, gammafunk_ghost_mausoleum, uniq_jorgrun,
          uniq_erolcha

Skill      XL: |  1  2  3  4  5  6  7  8  9 10 11 |
---------------+----------------------------------+-----
Poison Magic   | 4 5 6 8 9 11 12 | 12.0
Spellcasting   | 3 4 5 7 8 9 |  9.2
Fire Magic     | 1 2 3 4 |  4.0
Transmutations | 2 3 4 5 7 8 9 |  9.5
Fighting       | 4 5 |  5.8
Evocations     | 1 |  1.1
Dodging        | |  2.2
Stealth        | |  2.7

Action                   |  1- 3 |  4- 6 |  7- 9 | 10-12 || total
-------------------------+-------+-------+-------+-------++-------
Melee: Unarmed           |    28 |       |       |     6 ||    34
       Tentacles         |    11 |    15 |    21 |    18 ||    65
       Constrict         |    11 |    16 |    17 |    13 ||    57
       Club              |     6 |    60 |    76 |    89 ||   231
 Cast: Sting             |    24 |    16 |    12 |    37 ||    89
       Poisonous Vapours |    25 |    28 |     4 |     4 ||    61
       Ignite Poison     |       |    11 |    52 |    43 ||   106
       Olgreb's Toxic Ra |       |     1 |    44 |    43 ||    88
       Mephitic Cloud    |       |       |    14 |     9 ||    23
Invok: Call Merchant     |       |       |       |     1 ||     1
Evoke: Wand              |       |     1 |     1 |    19 ||    21
  Use: Potion            |       |     2 |       |    10 ||    12
       Scroll            |       |     6 |     2 |    14 ||    22
 Stab: Sleeping          |     2 |     1 |     4 |       ||     7
       Distracted        |       |     1 |     2 |     3 ||     6
Armor: Skin              |     4 |    12 |    22 |    95 ||   133
Dodge: Dodged            |    41 |    47 |    99 |   126 ||   313

Table legend: (Time is in decaauts)
 A = Elapsed time spent in this place.
 B = Non-inter-level travel time spent in this place.
 C = Inter-level travel time spent in this place.
 D = Time resting spent in this place.
 E = Time spent auto-exploring this place.
 F = Levels seen in this place.
 G = Mean time per level.
                   A        B        C        D        E       F      G
               +--------+--------+--------+--------+--------+-----+--------+
         Total |  15477 |  15078 |    399 |   3583 |   9348 |  13 | 1190.5 |
       Dungeon |  15477 |  15078 |    399 |   3583 |   9348 |  13 | 1190.5 |
               +--------+--------+--------+--------+--------+-----+--------+

Top non-repeatable levels by time:
     D:2: 1923 daAuts
     D:6: 1914 daAuts
     D:9: 1868 daAuts
     D:5: 1544 daAuts
     D:8: 1531 daAuts
     D:7: 1528 daAuts
     D:4: 1389 daAuts
     D:1: 1375 daAuts
     D:3: 1124 daAuts
    D:12: 489 daAuts
    D:11: 401 daAuts
    D:10: 379 daAuts
    D:13: 7 daAuts
